 Dungeon Crawl Stone Soup version 0.20.1-1-g8b1a95d (webtiles) character file.

56 equalderp2856 the Shield-Bearer (level 4, -11/35 HPs)
             Began as a Human Fighter on Sept 6, 2017.
             Mangled by an ogre
             ... wielding a +0 giant club
              (23 damage)
             ... on level 7 of the Dungeon.
             The game lasted 00:02:47 (2037 turns).

equalderp2856 the Shield-Bearer (Human Fighter)     Turns: 2037, Time: 00:02:48

Health: -11/35     AC:  6    Str: 16    XL:     4   Next: 17%
Magic:  4/4        EV:  7    Int: 10    God:
Gold:   182        SH:  9    Dex: 12    Spells: 3/3 levels left

rFire    . . .     SeeInvis .     - Unarmed
rCold    . . .     Gourm    .   b - +0 shield
rNeg     . . .     Faith    .   a - +0 scale mail
rPois    .         Spirit   .   (no helmet)
rElec    .         Reflect  .   (no cloak)
rCorr    .         Harm     .   (no gloves)
MR       .....                  (no boots)
Stlth    ..........             (no amulet)
Regen    0.2/turn               (no ring)
MPRegen  0.1/turn               (no ring)

@: no status effects
A: no striking features
a: no special abilities


You were on level 7 of the Dungeon.
You were not hungry.

You visited 1 branch of the dungeon, and saw 6 of its levels.

You collected 182 gold pieces.

Inventory:

Armour
 a - a +0 scale mail (worn)
 b - a +0 shield (worn)
Jewellery
 e - an uncursed ring of resist corrosion {unknown}
Wands
 r - a wand of disintegration (16/24)
Scrolls
 g - 6 scrolls of identify {unknown}
 i - a scroll of teleportation {unknown}
 j - 2 scrolls of remove curse {unknown}
 m - a scroll of immolation {unknown}
 n - a scroll of blinking {unknown}
 o - a scroll of amnesia {unknown}
 q - a scroll of enchant weapon {unknown}
Potions
 c - 2 potions of might
 d - a potion of berserk rage {unknown}
 h - 2 potions of heal wounds {unknown}
 k - a potion of lignification {unknown}
 l - a potion of degeneration {unknown}
 p - a potion of brilliance {unknown}
Books
 s - a book of Geomancy

   Spells                             Type                      Level
   a - Sandblast                      Earth                        1
   b - Passwall                       Transmutation/Earth          2
   c - Stone Arrow                    Conjuration/Earth            3
   d - Petrify                        Transmutation/Earth          4
   e - Lee's Rapid Deconstruction     Earth                        5
Comestibles
 f - a meat ration


   Skills:
 + Level 3.2 Fighting
 + Level 3.3 Armour
 + Level 1.1 Dodging
 + Level 0.2 Stealth
 + Level 3.6 Shields
 + Level 2.6 Unarmed Combat


You had 3 spell levels left.
You didn't know any spells.

Dungeon Overview and Level Annotations

Branches:
Dungeon (7/15)
 Temple: D:4-7

Altars:
The Shining One

Annotations:
D:3 Sigmund


Message History

The ogre is lightly wounded.
You hit the ogre.
The ogre is lightly wounded.
You block the ogre's attack.
You hit the ogre.
The ogre is lightly wounded.
The ogre barely misses you.
You hit the ogre.
The ogre is lightly wounded.
The ogre hits you with a giant club!
You hit the ogre.
The ogre is moderately wounded.
The ogre barely misses you.
You hit the ogre.
The ogre is heavily wounded.
You closely miss the ogre.
The ogre is heavily wounded.
The ogre hits you with a giant club!!
Ouch! That really hurt!
You die...

####
..#
#O#
#@#
###


You could see an ogre.

Vanquished Creatures
  A worm (D:2)
  A dart slug (D:1)
  3 leopard geckos
  3 orcs (D:3)
  4 bats
  2 giant cockroaches
  6 goblins
  6 hobgoblins
  3 jackals (D:6)
  A quokka (D:2)
  4 frilled lizards
  3 kobolds
  5 rats
42 creatures vanquished.

Notes
Turn   | Place    | Note
-------+----------+-------------------------------------------
     0 | D:1      | equalderp2856 the Human Fighter began the quest for the Orb.
     0 | D:1      | Reached XP level 1. HP: 18/18 MP: 1/1
   334 | D:1      | Reached XP level 2. HP: 21/24 MP: 2/2
   694 | D:2      | Reached XP level 3. HP: 23/29 MP: 3/3
   730 | D:2      | Reached skill level 1 in Dodging
  1043 | D:3      | Noticed Sigmund
  1514 | D:3      | Reached XP level 4. HP: 26/35 MP: 4/4
  1645 | D:4      | You fall through a shaft for 2 floors!
  1670 | D:6      | Found a glowing golden altar of the Shining One.
  1974 | D:6      | Noticed an orc warrior
  2019 | D:6      | Noticed an ogre
  2020 | D:6      | Noticed an orc warrior
  2037 | D:7      | Mangled by an ogre

Skill      XL: |  1  2  3 |
---------------+----------+-----
Dodging        | 1 |  1.1
Fighting       | |  3.2
Armour         | |  3.3
Stealth        | |  0.2
Shields        | |  3.6
Unarmed Combat | |  2.6

Action                   |  1- 3 |  4- 6 || total
-------------------------+-------+-------++-------
Melee: Unarmed           |   194 |    39 ||   233
  Eat: Bread ration      |     1 |       ||     1
Armor: Scale mail        |    70 |    17 ||    87
Dodge: Dodged            |    53 |    13 ||    66
Block: Shield            |    89 |    21 ||   110
